 Dungeon Crawl Stone Soup version 0.20.0-4-g10b340a (webtiles) character file.

1750 Monsterracer the Cleaver (level 9, -1/74 HPs)
             Began as a Hill Orc Fighter on May 27, 2017.
             Slain by Menkaure (5 damage)
             ... on level 6 of the Dungeon.
             The game lasted 00:11:16 (5735 turns).

Monsterracer the Cleaver (Hill Orc Fighter)         Turns: 5735, Time: 00:11:16

Health: -1/74      AC: 14    Str: 19    XL:     9   Next: 6%
Magic:  18/18      EV:  8    Int:  8    God:
Gold:   178        SH:  0    Dex: 13    Spells: 8/8 levels left

rFire    . . .     SeeInvis .   a - +1 war axe
rCold    . . .     Gourm    .   (no shield)
rNeg     . . .     Faith    .   l - +1 chain mail
rPois    .         Spirit   .   h - +2 helmet
rElec    .         Reflect  .   (no cloak)
rCorr    .         Harm     .   (no gloves)
MR       .....                  (no boots)
Stlth    ..........             (no amulet)
Regen    0.3/turn               k - ring of flight
MPRegen  0.2/turn               u - ring of magical power

@: very slightly contaminated, invisible
A: no striking features
a: Evoke Flight


You were on level 6 of the Dungeon.
You were not hungry.

You visited 2 branches of the dungeon, and saw 7 of its levels.
You also visited: Sewer.

You collected 178 gold pieces.

Inventory:

Hand Weapons
 a - a +1 war axe (weapon)
Armour
 h - a +2 helmet (worn)
 i - +0 ice dragon scales
 l - a +1 chain mail (worn)
Jewellery
 k - a ring of flight (left hand)
 u - a ring of magical power (right hand)
Wands
 p - a wand of lightning (6/15)
Scrolls
 d - 2 scrolls of amnesia {unknown}
 e - 9 scrolls of identify
 g - 4 scrolls of teleportation
 s - a scroll of blinking
 t - a scroll of immolation
Potions
 m - 2 potions of brilliance
 o - 2 potions of flight
 q - 2 potions of magic
Comestibles
 b - 2 meat rations
 c - 4 fruits
 f - 2 bread rations
 j - 4 royal jellies
 v - 2 chunks of flesh


   Skills:
 + Level 5.2 Fighting
 * Level 12.3 Axes
 + Level 5.1 Armour
 + Level 2.7 Dodging
   Level 3.2 Shields


You had 8 spell levels left.
You didn't know any spells.

Dungeon Overview and Level Annotations

Branches:
Dungeon (6/15)             Temple (1/1) D:5

Altars:
Cheibriados
Elyvilon
Fedhas
Kikubaaqudgha
Makhleb
Nemelex Xobeh
Ru
Sif Muna
Trog
Yredelemnul
Zin
The Shining One

Shops:
D:6 *%

Annotations:
D:6 Menkaure


Message History

Menkaure casts a spell at you. Pain shoots through your body!
* * * LOW HITPOINT WARNING * * *
You hit Menkaure.
Menkaure is moderately damaged.
Menkaure hits you.
* * * LOW HITPOINT WARNING * * *
You fade into invisibility!
Menkaure barely misses you. x2
You are very lightly contaminated with residual magic.
Menkaure gestures at you while chanting.
Pain shoots through your body!
* * * LOW HITPOINT WARNING * * *
You hit Menkaure.
Menkaure is moderately damaged.
Menkaure hits you but does no damage.
You completely miss Menkaure.
Menkaure is moderately damaged.
Menkaure hits you.
You die...

*,,,,,,,,* #....#.##..###...#####
*,,∩,,,,,*##....#.##........#####
*........##.......†.#.####.......
#........##.........#.# #.######
#........##...).....#+####.##.#..
*...........##).........##....#..
*.....#####.##...>......##.##.#..
#.....#≈≈≈#.###...##....#####.#..
#.....#≈≈≈#.# #M@.##...........<.
...##÷#≈.≈#.# #...##.....####.###
...#[[#≈≈≈#.# #...###....# #....
....÷.#≈≈≈#.###...###....####....
......##÷##.........#....##......
.....[).÷...........#....#......#
.........##.........#....#....∩.#
##......####........#....#.......
*######## #........'....#.......


You could see Menkaure.

Vanquished Creatures
  The ghost of Gorglomux the Skirmisher, a novice VSFi of Uskayaw (D:4)
  An orc warrior (D:6)
  A phantom (D:5)
  2 ogres
  A big kobold (Sewer)
  A bullfrog (D:6)
  A scorpion (D:4)
  5 wights (D:6)
  3 orc priests
  2 hounds (D:6)
  3 orc wizards
  Terence (D:3)
  Jessica (D:2)
  Natasha (thrice) (D:3)
  A worker ant (D:6)
  A hound skeleton (D:4)
  16 gnolls
  6 adders
  3 river rats (Sewer)
  A shadow imp (D:5)
  2 oozes (D:3)
  2 adder skeletons
  A worm (D:2)
  3 dart slugs
  4 leopard geckos
  13 orcs
  3 ball pythons (D:3)
  10 bats
  5 giant cockroaches
  5 goblins
  5 hobgoblins
  17 jackals
  5 quokkas
  3 frilled lizards
  A jackal skeleton (D:5)
  15 kobolds
  A leopard gecko zombie (D:6)
  13 rats
162 creatures vanquished.

Notes
Turn   | Place    | Note
-------+----------+-------------------------------------------
     0 | D:1      | Monsterracer the Hill Orc Fighter began the quest for the Orb.
     0 | D:1      | Reached XP level 1. HP: 19/19 MP: 1/1
     6 | D:1      | Reached skill level 3 in Axes
   103 | D:1      | Reached XP level 2. HP: 25/26 MP: 2/2
   224 | D:1      | Reached skill level 4 in Axes
   521 | D:1      | Reached XP level 3. HP: 28/31 MP: 3/3
  1010 | D:2      | Reached skill level 5 in Axes
  1059 | D:2      | Noticed Jessica
  1066 | D:2      | Killed Jessica
  1066 | D:2      | Reached XP level 4. HP: 14/39 MP: 4/4
  1544 | D:2      | Reached skill level 6 in Axes
  1673 | D:3      | Reached XP level 5. HP: 41/45 MP: 5/5
  1707 | D:3      | Found a sacrificial altar of Ru.
  1741 | D:3      | Noticed Terence
  1753 | D:3      | Killed Terence
  1753 | D:3      | Reached skill level 7 in Axes
  1831 | D:3      | Noticed Natasha
  1835 | D:3      | Killed Natasha
  2050 | D:3      | Noticed Natasha
  2060 | D:3      | Killed Natasha
  2077 | D:3      | Reached skill level 8 in Axes
  2079 | D:3      | Reached XP level 6. HP: 27/51 MP: 6/6
  2555 | D:3      | Found a sparkling altar of Nemelex Xobeh.
  2556 | D:3      | Noticed Natasha
  2578 | D:3      | Killed Natasha
  2593 | D:3      | HP: 2/51 [gnoll/halberd (3)]
  2934 | D:4      | Noticed Gorglomux's ghost (novice VSFi)
  2939 | D:3      | Reached skill level 9 in Axes
  3186 | D:4      | Killed Gorglomux's ghost
  3186 | D:4      | Reached skill level 10 in Axes
  3186 | D:4      | Reached XP level 7. HP: 41/57 MP: 7/7
  3447 | D:4      | Reached skill level 11 in Axes
  3991 | D:5      | Entered Level 5 of the Dungeon
  3997 | D:5      | Reached XP level 8. HP: 66/66 MP: 8/8
  4160 | D:5      | Found a staircase to the Ecumenical Temple.
  4172 | Temple   | Entered the Ecumenical Temple
  4307 | D:5      | Reached skill level 1 in Dodging
  4951 | D:6      | Found Tudwap Helo's Food Emporium.
  4985 | D:6      | Found Natsais's Assorted Antiques.
  5011 | D:6      | Found a glowing drain.
  5131 | Sewer    | Entered a sewer
  5299 | Sewer    | Reached skill level 12 in Axes
  5342 | Sewer    | Found a white marble altar of Elyvilon.
  5584 | D:6      | Reached skill level 5 in Fighting
  5681 | D:6      | Reached XP level 9. HP: 74/74 MP: 9/9
  5711 | D:6      | Reached skill level 5 in Armour
  5722 | D:6      | Noticed Menkaure
  5735 | D:6      | Slain by Menkaure

Skill      XL: |  1  2  3  4  5  6  7  8  9 |
---------------+----------------------------+-----
Axes           | 3 4 5 6 8 10 11 12 | 12.3
Fighting       | 5 |  5.2
Dodging        | 2 |  2.7
Armour         | 4 5 |  5.1
Shields        | |  3.2

Action                   |  1- 3 |  4- 6 |  7- 9 || total
-------------------------+-------+-------+-------++-------
Melee: War axe           |   130 |   224 |   224 ||   578
  Use: Potion            |     5 |     3 |     5 ||    13
       Scroll            |       |     1 |     7 ||     8
  Eat: Chunk             |     1 |     7 |     8 ||    16
Armor: Scale mail        |    21 |       |       ||    21
       Chain mail        |    83 |   128 |    93 ||   304
Dodge: Dodged            |    30 |    76 |    69 ||   175
Block: Shield            |    74 |    81 |       ||   155
